 Dungeon Crawl Stone Soup version 0.16-a0-3706-g5dff784 (webtiles) character file.

179 N8Lord the Skirmisher (level 5, 0/42 HPs)
             Began as a Demonspawn Chaos Knight on Jan 19, 2015.
             Was a Plaything of Xom.
             Slain by Duvessa
             ... wielding a +3 short sword of protection
              (9 damage)
             ... on level 4 of the Dungeon.
             The game lasted 00:19:30 (2589 turns).

N8Lord the Skirmisher (Demonspawn Chaos Knight)     Turns: 2589, Time: 00:19:31

Health: 0/42       AC:  5    Str: 13    XL:     5   Next: 33%
Magic:  5/5        EV: 15    Int: 13    God:    Xom [....*.]
Gold:   120        SH:  9    Dex: 24    Spells: 0 memorised, 4 levels left

rFire  . . .     SeeInvis .     G - +1 mace (chaos)
rCold  + . .     Clarity  .     b - +2 leather armour
rNeg   . . .     SustAb   .     d - +0 shield
rPois  .         Gourm    .     (no helmet)
rElec  .         Spirit   .     (no cloak)
rCorr  .         Warding  .     (no gloves)
rMut   .         Stasis   .     (no boots)
MR     +....                    (no amulet)
Stlth  ++++......               (no ring)
                                t - ring of wizardry

@: agile, somewhat resistant to hostile enchantments, stealthy
A: thin skeletal structure 2, agile 1, cold resistance 1, magic resistance 1,
powered by pain 1, wild magic 1
a: Renounce Religion


You were on level 4 of the Dungeon.
You worshipped Xom.
You were a beloved toy of Xom.
You were not hungry.

You visited 1 branch of the dungeon, and saw 4 of its levels.

You collected 120 gold pieces.

Inventory:

Hand weapons
 e - a +0 whip
 h - a +0 dagger
 n - a +0 dagger
 o - a +0 hand axe
 p - a +0 short sword
 v - a +0 club
 z - a +2 dagger of venom
 E - a +1 flail of protection
 F - a +2 short sword of speed
 G - a +1 mace of chaos (weapon)
Armour
 a - a -2 ring mail
 b - a +2 leather armour (worn)
 d - a +0 shield (worn)
 i - a +1 ring mail {i}
 w - a cursed +0 pair of boots
 x - a +0 chain mail
Jewellery
 k - an uncursed ring of stealth {unknown}
 t - a ring of wizardry (left hand)
 D - a cursed ring of teleportation {unknown}
Magical devices
 y - a wand of polymorph (16)
Scrolls
 l - 5 scrolls of identify
 s - 2 scrolls of amnesia
 A - 2 scrolls of magic mapping
 H - a scroll of enchant armour
Potions
 f - 3 potions of agility {unknown}
 m - 2 potions of invisibility
 r - a potion of degeneration {unknown}
 u - a potion of haste {unknown}
 C - a potion of curing {unknown}
Comestibles
 c - a bread ration
 j - 2 beef jerkies
 q - a meat ration
 B - a fruit


   Skills:
 + Level 3.8 Fighting
 + Level 3.5 Maces & Flails
 + Level 2.6 Armour
 + Level 2.1 Dodging
 + Level 0.2 Stealth
 + Level 1.5 Shields


You had 4 spell levels left.
You didn't know any spells.

Dungeon Overview and Level Annotations

Branches:
Dungeon (4/15)
 Temple: D:4-7

Altars:
Fedhas
Kikubaaqudgha
Trog

Annotations:
D:4 Dowan, Duvessa


Innate Abilities, Weirdness & Mutations

You have a moderately thin skeletal structure (Dex +4, Stealth+).
You sometimes gain a little power by taking damage.
You are agile. (Dex +2)
Your flesh is cold resistant.
You are resistant to hostile enchantments.
Your spells are a little harder to cast, but a little more powerful.


Message History

You barely miss Duvessa.
Duvessa is moderately wounded.
Duvessa hits you but does no damage.
You barely miss Duvessa.
Duvessa is moderately wounded.
You block Duvessa's attack.
You hit Duvessa.
Duvessa is heavily wounded.
You block Duvessa's attack.
You hit Duvessa. You freeze Duvessa.
Duvessa is heavily wounded.
Duvessa hits you with a short sword of protection!
* * * LOW HITPOINT WARNING * * *
You focus on the pain.
You feel agile all of a sudden.
You hit Duvessa. You drain Duvessa!
Duvessa is heavily wounded.
Duvessa hits you with a short sword of protection!
You die...
Xom howls with laughter!

#.# #.# #.# #####.#
......##########
######............#
#.........e........
#.####>..#e#####.## #.#
#.#.#@# #.# #...#.#
#.########..
#######.#.######.##
#...†.........##.###
#.#####.....#..........#
##.......###.###...###
#.........#.<........#
#(...........#.......#


You could see Duvessa and Dowan.

Vanquished Creatures
  An orc priest (D:3)
  An orc wizard (D:3)
  A hound skeleton (D:4)
  An adder (D:3)
  A gnoll (D:1)
  A worm (D:3)
  6 giant geckos
  An ooze (D:3)
  5 orcs (D:3)
  5 giant cockroaches
  11 goblins
  7 hobgoblins
  12 jackals
  A quokka (D:3)
  7 bats
  3 giant newts
  A jackal skeleton (D:4)
  7 kobolds
  5 rats
77 creatures vanquished.

Vanquished Creatures (collateral kills)
  A ball python (D:2)
1 creature vanquished.

Vanquished Creatures (others)
  A hobgoblin (D:4)
1 creature vanquished.

Grand Total: 79 creatures vanquished

Notes
Turn   | Place    | Note
--------------------------------------------------------------
     0 | D:1      | N8Lord, the Demonspawn Chaos Knight, began the quest for the Orb.
     0 | D:1      | Reached XP level 1. HP: 18/18 MP: 1/1
   113 | D:1      | XOM: divination: detect items
   122 | D:1      | Reached skill level 1 in Dodging
   168 | D:1      | XOM: harmless Chrm miscast
   172 | D:1      | Gained mutation: You have a somewhat thin skeletal structure (Dex +2, Stealth). [demonic ancestry]
   172 | D:1      | Reached XP level 2. HP: 24/24 MP: 2/2
   476 | D:1      | XOM: silly message
   803 | D:2      | Gained mutation: You have a moderately thin skeletal structure (Dex +4, Stealth+). [demonic ancestry]
   803 | D:2      | Reached XP level 3. HP: 12/29 MP: 3/3
   904 | D:2      | XOM: harmless Chrm miscast
  1277 | D:2      | XOM: harmless Erth miscast
  1497 | D:2      | Found a blossoming altar of Fedhas.
  1831 | D:3      | XOM: enchant monster (good)
  1844 | D:3      | Gained mutation: You sometimes gain a little power by taking damage. [demonic ancestry]
  1844 | D:3      | Reached XP level 4. HP: 25/35 MP: 4/4
  1903 | D:3      | Reached skill level 1 in Shields
  1997 | D:3      | XOM: give mutations
  1997 | D:3      | Gained mutation: You are resistant to hostile enchantments. [Xom's grace]
  1997 | D:3      | Gained mutation: You are agile. (Dex +2) [Xom's grace]
  1997 | D:3      | Gained mutation: Your flesh is cold resistant. [Xom's grace]
  1997 | D:3      | Gained mutation: Your spells are a little harder to cast, but a little more powerful. [Xom's grace]
  2205 | D:3      | XOM: vitrification
  2216 | D:3      | XOM: god gift: scroll labeled PUISOI HUOKIU
  2317 | D:3      | Found an ancient bone altar of Kikubaaqudgha.
  2317 | D:3      | Found a bloodstained altar of Trog.
  2407 | D:3      | XOM: confuse monster(s)
  2463 | D:3      | Reached XP level 5. HP: 4/42 MP: 5/5
  2515 | D:4      | XOM: cast spell 'Beastly Appendage'
  2569 | D:4      | Noticed Duvessa
  2572 | D:4      | Noticed Dowan
  2584 | D:4      | XOM: destruction
  2589 | D:4      | Slain by Duvessa

Action                   |  1- 3 |  4- 6 || total
-------------------------+-------+-------++-------
Melee: Mace              |   160 |    97 ||   257
  Use: Scroll            |     6 |     4 ||    10
       Potion            |       |     2 ||     2
 Stab: Confused          |     1 |     1 ||     2
       Petrifying        |     1 |       ||     1
       Invisible         |       |     1 ||     1
  Eat: Bread ration      |     1 |     1 ||     2
